[Event "Early-Titled-Tuesday-Blitz-July-09-2024"]
[Site "Chess.com"]
[Date "2024.07.09"]
[Round "6"]
[White "Andrei_Skvortsov"]
[Black "ManMish2"]
[Result "1-0"]
[WhiteElo "2805"]
[BlackElo "2604"]
[TimeControl "180+1"]
[EndTime "9:09:26 PDT"]
[Termination "Andrei_Skvortsov won by checkmate"]

1. e4 e6 2. d4 d5 3. exd5 exd5 4. Bd3 Bd6 5. Qf3 Ne7 6. Nc3 c6 7. Bf4 O-O 8. O-O-O Ng6 9. Bxd6 Qxd6 10. h4 Qf4+ 11.
Qxf4 Nxf4 12. Bf1 Nd7 13. g3 Ne6 14. f3 b6 15. Nh3 Bb7 16. Nf2 Nf6 17. Bh3 c5 18.
dxc5 bxc5 19. Rhe1 Rfe8 20. Nd3 Rac8 21. Bxe6 Rxe6 22.
Rxe6 fxe6 23. Ne5 a6 24. Na4 Rc7 25. g4 d4 26. Re1 Nd5 27. Nd3 Ne3 28. Naxc5 Bxf3 29. c3 Bxg4 30. cxd4 Nd5 31. Kd2 Bf5 32. a3 a5 33. Nxe6 Rc4 34. Nd8 g6 35. Ne6 Bxe6 36. Rxe6 Rxd4 37. Rd6 Kf7 38. Ra6 Rxh4 39. Ne5+ Ke7 40.
Rxa5 Rh2+ 41. Kd3 Nf6 42. b4 Ke6 43. Nf3 h5 44. Nxh2 Nd5 45. Kd4 Ne7 46. Ra6+ Kf5 47.
Ke3 g5 48. Kf3 g4+ 49. Kg3 Ng6 50. Ra5+ Ke4 51. Rxh5 Ne5 52. Rxe5+ Kxe5 53. Nxg4+ Kd5 54. Ne3+ Kd4 55. Kf4 Kc3 56. b5 Kb3 57. b6 Kxa3 58. b7 Ka4 59. b8=Q Ka5 60. Ke5 Ka4 61. Kd4 Ka5 62.
Kc5 Ka4 63. Qb4# 1-0

[Event "Early-Titled-Tuesday-Blitz-July-09-2024"]
[Site "Chess.com"]
[Date "2024.07.09"]
[Round "6"]
[White "WindWhistler11"]
[Black "FrenchPlayer2203"]
[Result "1-0"]
[WhiteElo "2465"]
[BlackElo "2271"]
[TimeControl "180+1"]
[EndTime "9:09:27 PDT"]
[Termination "WindWhistler11 won by checkmate"]

1. g3 d5 2. Nf3 Nf6 3. Bg2 c6 4. d3 Bf5 5. Nbd2 h6 6. b3 e6 7. Bb2 Be7 8. O-O O-O 9. c4 Nbd7 10. a3 a5 11. Re1 Bh7 12. Qc2 Re8 13. h3 Qb6 14.
Rab1 Rad8 15. cxd5 exd5 16. e3 Qa6 17. Bf1 Qa8 18. b4 axb4 19. axb4 Qc8 20. Ba1 Bd6 21. b5 Ne5 22. Nxe5 Bxe5 23. Bxe5 Rxe5 24. bxc6 bxc6 25. Rec1 Re6 26. Rb6 Nd7 27. Rxc6 Rxc6 28. Qxc6 Qxc6 29. Rxc6 Ne5 30. Rc3 Bg6 31. f4 Nd7 32. g4 f6 33.
Bg2 Bf7 34. Nf3 g5 35. Nd4 Re8 36. Nf5 Kh7 37. Rc7 Rd8 38. Nd6 Be6 39. f5 Bg8 40. Nb7 Re8 41. Rxd7+ Kh8 42. Kf2 Bh7 43. Bxd5 Ra8 44. Nd6 Ra2+ 45. Kf3 Ra1 46. Nf7+ Kg7 47.
Nxg5+ Kh8 48. Rxh7# 1-0

[Event "Early-Titled-Tuesday-Blitz-July-09-2024"]
[Site "Chess.com"]
[Date "2024.07.09"]
[Round "6"]
[White "Jospem"]
[Black "iwanyu"]
[Result "1-0"]
[WhiteElo "3121"]
[BlackElo "2907"]
[TimeControl "180+1"]
[EndTime "9:09:30 PDT"]
[Termination "Jospem won by checkmate"]

1. e4 e5 2. Nf3 Nc6 3. Nc3 Nf6 4. h3 g6 5. d4 exd4 6. Nxd4 Bg7 7. Nxc6 bxc6 8. Bd3 O-O 9. O-O Rb8 10. Rb1 d6 11. Bg5 Qe8 12. Qd2 Nd7 13. Bh6 Qe5 14. Bxg7 Kxg7 15.
b3 Nc5 16. Rbd1 f5 17. exf5 Bxf5 18. Rfe1 Qf6 19. Bxf5 gxf5 20. Ne2 f4 21. Nd4 Rbe8 22. Nf3 Ne4 23. Qa5 Nc3 24. Rxe8 Rxe8 25. Rd3 Ne4 26.
Qxc7+ Re7 27. Qxc6 Qa1+ 28. Kh2 Nxf2 29. Qc3+ Qxc3 30. Rxc3 Re2 31. Rc4 Ne4 32. Rd4 d5 33. c4 dxc4 34. Rxc4 Nd2 35. Nxd2 Rxd2 36. Rxf4 Rxa2 37.
Ra4 Rxa4 38. bxa4 Kf6 39. Kg3 Ke5 40. Kf3 Kd4 41. g4 Kc4 42. h4 Kb4 43. g5 Kxa4 44.
h5 Kb3 45. g6 hxg6 46. hxg6 a5 47. g7 a4 48. g8=Q+ Kb2 49. Qg7+ Kb3 50. Qf7+ Kb2 51.
Qf6+ Kb3 52. Qe6+ Kb2 53. Qe5+ Kb3 54. Qd5+ Kb2 55. Qd4+ Kb3 56. Qd3+ Kb4 57. Qb1+ Ka3 58. Qa1+ Kb3 59. Ke3 a3 60. Kd3 a2 61. Qc3+ Ka4 62. Qb2 Ka5 63. Kc4 Ka6 64. Kc5 Ka7 65. Kc6 Ka8 66.
Qb7# 1-0

[Event "Early-Titled-Tuesday-Blitz-July-09-2024"]
[Site "Chess.com"]
[Date "2024.07.09"]
[Round "6"]
[White "Volodar_Murzin"]
[Black "krzyzan94"]
[Result "1-0"]
[WhiteElo "2992"]
[BlackElo "2786"]
[TimeControl "180+1"]
[EndTime "9:09:30 PDT"]
[Termination "Volodar_Murzin won by resignation"]

1. d4 Nf6 2. c4 d6 3. Nc3 e5 4.
Nf3 e4 5. Ng5 Qe7 6. Qc2 Bf5 7.
f3 Nc6 8. e3 Nxd4 9. Qa4+ Bd7 10. Qd1 Nc6 11. Ngxe4 Nxe4 12. Nxe4 g6 13. Nc3 Bg7 14.
Nd5 Qh4+ 15. g3 Qd8 16. Bg2 O-O 17. O-O Re8 18. f4 f5 19. Rb1 a5 20. b3 Be6 21.
Qd2 Qd7 22. Bb2 Bxd5 23. cxd5 Nb4 24.
a3 Bxb2 25. Rxb2 Na6 26. b4 axb4 27. axb4 Re7 28. Ra1 Rae8 29. Ra3 Qb5 30. Qd4 Nb8 31. e4 fxe4 32. Bh3 c5 33. bxc5 Qxc5 34. Be6+ Kf8 35. Qxc5 dxc5 36. Re3 Nd7 37. Rxe4 Nf6 38. Rc4 Rc7 39. Rb5 Nd7 40. d6 Rxe6 41. dxc7 Rc6 42. Rxb7 Ke7 43. Rc1 Kd6 44. Rd1+ Ke6 45. c8=Q Rxc8 46.
Rbxd7 c4 47. R7d2 Kf5 48. Rc2 Kg4 49. Rdc1 h5 50. Kg2 Rd8 51. h3+ Kf5 52. Re1 Rd3 53. Re5+ Kf6 54. Rxc4 h4 55. gxh4 Kg7 56. h5 Kh6 57.
hxg6 Rd2+ 58. Kf3 Rd3+ 59. Re3 Rd6 60. f5 Kg5 61. Rg4+ Kh5 62. g7 Rf6 63. g8=Q Rxf5+ 64. Rf4 1-0

[Event "Early-Titled-Tuesday-Blitz-July-09-2024"]
[Site "Chess.com"]
[Date "2024.07.09"]
[Round "6"]
[White "AryanTari"]
[Black "alreadybroken23"]
[Result "1-0"]
[WhiteElo "2989"]
[BlackElo "2683"]
[TimeControl "180+1"]
[EndTime "9:09:31 PDT"]
[Termination "AryanTari won on time"]

1. e4 e6 2. d4 d5 3. Nc3 Bb4 4.
e5 c5 5. Bd2 Ne7 6. a3 Bxc3 7.
Bxc3 b6 8. h4 Ba6 9. Bxa6 Nxa6 10.
h5 h6 11. Qe2 Nc7 12. O-O-O Qd7 13. g4 Nb5 14. Rh3 c4 15. f4 Nc6 16. Qf2 Nxc3 17. Rxc3 b5 18. f5 a5 19. Rf3 b4 20.
a4 b3 21. c3 Nd8 22. Rf1 Qxa4 23. Kd2 Qd7 24. Ne2 Ra7 25. Nf4 a4 26. f6 gxf6 27. exf6 a3 28. bxa3 Rxa3 29. Ke3 e5 30. Ng6 Qxg4 31.
Qg3 Qxg3 32. Rxg3 fxg6 33. hxg6 Ra7 34. dxe5 Ne6 35. f7+ Kf8 36. Rf6 Ng7 37. Rg1 Re7 38. Kd4 Re6 39. Kxd5 Re7 40. Rb6 Rd7+ 41. Kxc4 Rd8 42.
Rb7 Ne6 43. Rf1 Rc8+ 44. Kb4 Nc5 45. Rb5 1-0

[Event "Early-Titled-Tuesday-Blitz-July-09-2024"]
[Site "Chess.com"]
[Date "2024.07.09"]
[Round "6"]
[White "Cmorales2001"]
[Black "MusicCityMaster"]
[Result "0-1"]
[WhiteElo "2350"]
[BlackElo "2506"]
[TimeControl "180+1"]
[EndTime "9:09:31 PDT"]
[Termination "MusicCityMaster won by resignation"]

1. e4 e6 2. d4 d5 3. Nd2 Nc6 4.
Ngf3 Nf6 5. e5 Nd7 6. Bb5 a6 7. Bxc6 bxc6 8. O-O a5 9. Re1 Ba6 10. b3 Bb4 11. Bb2 O-O 12. a3 Be7 13. c4 Nb6 14. cxd5 cxd5 15. Qc2 Rc8 16. Qc3 a4 17. b4 c6 18. Rac1 Bb5 19. Qc2 Qd7 20. Qb1 f5 21. exf6 Bxf6 22. Ne5 Bxe5 23. Rxe5 Rf6 24. f3 Rcf8 25.
Qc2 Qf7 26. Qd1 Qg6 27. Kh1 Qh6 28. Qe1 Rg6 29. Nf1 Nc4 30. Re2 Nd6 31. Rec2 Nf5 32. Kg1 Nh4 33. Ng3 Qf4 34. Rf2 Bc4 35. Qd2 Qf7 36.
Re1 Rf6 37. Re3 Ng6 38. Re1 Nf4 39. Kh1 h5 40. Nf1 h4 41. Ne3 Qh5 42. h3 Qg5 43.
Ng4 Rg6 44. Re5 Qe7 45. Qc3 Rf5 46. Bc1 Rxe5 47. Nxe5 Rg5 48. Bxf4 Rf5 49. Bh2 Qf6 50.
Kg1 Qg5 51. Nxc4 dxc4 52. Qxc4 Qe3 53. Kh1 Qe1+ 54. Bg1 Rg5 55. Qxc6 Kh7 56. Qxe6 Qxe6 0-1

[Event "Early-Titled-Tuesday-Blitz-July-09-2024"]
[Site "Chess.com"]
[Date "2024.07.09"]
[Round "6"]
[White "Boorchess"]
[Black "MikeSailer"]
[Result "1-0"]
[WhiteElo "2565"]
[BlackElo "2095"]
[TimeControl "180+1"]
[EndTime "9:09:31 PDT"]
[Termination "Boorchess won on time"]

1. d4 d5 2. c4 c6 3. cxd5 cxd5 4. Nc3 Nf6 5. f3 g6 6. e4 dxe4 7. fxe4 Bg7 8. Nf3 O-O 9. Be2 Bg4 10. Be3 Nc6 11.
d5 Bxf3 12. gxf3 Ne5 13. Qb3 Qa5 14. O-O h5 15. Rad1 Qc7 16. Nb5 Qd7 17. Kg2 a6 18. Nd4 Rac8 19. Rc1 Rxc1 20. Rxc1 Rc8 21. Rxc8+ Qxc8 22. h3 h4 23. Qc2 Qb8 24. Qd2 Nh5 25. f4 Nd7 26. Bxh5 gxh5 27. Nf5 Bf6 28. Kf3 Kf8 29. Bf2 b6 30. Bxh4 Bxh4 31. Nxh4 Nc5 32. Nf5 e6 33. dxe6 fxe6 34. Qd6+ Qxd6 35. Nxd6 Nd3 36.
Nc4 b5 37. Na5 Nxb2 38. Ke3 Na4 39. Kd4 Ke7 40. Nc6+ Kd6 41. Ne5 Nb6 42. Nf7+ Ke7 43. Ne5 Kd6 44. Nd3 Nc4 45. Nc5 a5 46. e5+ Kc6 47.
a4 1-0

[Event "Early-Titled-Tuesday-Blitz-July-09-2024"]
[Site "Chess.com"]
[Date "2024.07.09"]
[Round "6"]
[White "Javokhir_Sindarov05"]
[Black "Seochesspie"]
[Result "0-1"]
[WhiteElo "3068"]
[BlackElo "2887"]
[TimeControl "180+1"]
[EndTime "9:09:32 PDT"]
[Termination "Seochesspie won on time"]

1. e4 c5 2. Nf3 d6 3. d4 cxd4 4. Nxd4 Nf6 5. Nc3 a6 6. a3 Nbd7 7. g3 g6 8. Bg2 Bg7 9. h3 O-O 10. g4 e5 11. Nde2 Nb6 12. g5 Nh5 13. Bf3 Nf4 14.
Nxf4 exf4 15. Bxf4 Nc4 16. Bc1 b5 17. Bg2 Bb7 18. O-O Re8 19. Re1 Rc8 20. Qd3 Qc7 21.
Rd1 Nxb2 22. Bxb2 Bxc3 23. Bxc3 Qxc3 24. Qxc3 Rxc3 25. Rxd6 Bxe4 26. Re1 Bc6 27. Rxe8+ Bxe8 28. Rxa6 Rxc2 29. Ra8 Kf8 30. h4 Ke7 31. Ra7+ Kf8 32. Be4 Rc4 33. f3 b4 34. axb4 Rxb4 35. Kf2 Rb8 36. Kg3 Kg7 37. Re7 Rd8 38. Ra7 Rd6 39. f4 Re6 40. Bd5 Rd6 41. Be4 Re6 42. Bd5 Rd6 43.
Ba2 Rd2 44. Bc4 Rc2 45. Rc7 Rc3+ 46. Kf2 h5 47. Re7 Rxc4 48. Rxe8 Rxf4+ 49. Kg3 Rg4+ 50. Kh3 Ra4 51. Re1 Ra3+ 52. Kh2 Rf3 53. Kg2 Rf5 54.
Kg3 Ra5 55. Rc1 Ra3+ 0-1

[Event "Early-Titled-Tuesday-Blitz-July-09-2024"]
[Site "Chess.com"]
[Date "2024.07.09"]
[Round "6"]
[White "Andreikka"]
[Black "Kobalia"]
[Result "1-0"]
[WhiteElo "3022"]
[BlackElo "2816"]
[TimeControl "180+1"]
[EndTime "9:09:34 PDT"]
[Termination "Andreikka won on time"]

1. e4 c5 2. Nf3 e6 3. g3 Nc6 4. Bg2 d5 5. exd5 exd5 6. O-O Nf6 7. d4 Be7 8. Nc3 O-O 9. h3 Be6 10. Be3 Qd7 11. Kh2 cxd4 12. Nxd4 Rfe8 13. Nce2 Rad8 14. Nxe6 Qxe6 15. Nd4 Nxd4 16. Bxd4 Ne4 17. Qd3 Bf6 18. Rad1 a6 19. c3 h6 20. Bxf6 Nxf6 21. Qd4 Qe2 22.
Rd2 Qb5 23. Rfd1 Ne4 24. Rc2 Qa5 25. a3 Nf6 26. Bf3 Qb5 27. Kg2 Qb3 28. Rcd2 Ne4 29.
Re2 Nf6 30. Rdd2 Rxe2 31. Rxe2 Qb5 32. h4 Kf8 33. Rd2 Rd7 34. g4 Rd6 35. g5 hxg5 36.
hxg5 Nh7 37. Qf4 Qd7 38. Kf1 b5 39. Qe5 f6 40. gxf6 Nxf6 41. Rd4 Kf7 42. Bg2 Qe6 43. Qf4 Rd7 44. Rd3 Re7 45. Bxd5 1-0

[Event "Early-Titled-Tuesday-Blitz-July-09-2024"]
[Site "Chess.com"]
[Date "2024.07.09"]
[Round "6"]
[White "ozates"]
[Black "GMAkobianSTL"]
[Result "1-0"]
[WhiteElo "2623"]
[BlackElo "2804"]
[TimeControl "180+1"]
[EndTime "9:09:35 PDT"]
[Termination "ozates won on time"]

1. e4 d6 2. d4 Nf6 3. Nc3 c6 4. f4 Qa5 5. e5 Ne4 6. Bd2 Nxd2 7. Qxd2 d5 8. Bd3 e6 9. Nf3 c5 10. dxc5 Bxc5 11. a3 Nc6 12. h4 Bd7 13. h5 h6 14.
Nb5 Qxd2+ 15. Kxd2 O-O-O 16. c3 a6 17. Nbd4 Kb8 18.
Rh3 Nxd4 19. cxd4 Be7 20. Rg3 Rdg8 21. Rh1 f5 22. Nh4 Bxh4 23. Rxh4 Be8 24. Be2 g5 25.
hxg6 Rxg6 26. Rxg6 Bxg6 27. Ke3 Kc7 28. Bh5 Bxh5 29.
Rxh5 Kd7 30. Kf3 Ke7 31. g4 fxg4+ 32. Kxg4 Rg8+ 33. Kf3 Rg6 34. Rh1 Kd7 35. a4 a5 36.
b3 Ke7 37. Rh5 b6 38. f5 exf5 39. Kf4 Rc6 40. Kxf5 Rc3 41. Rxh6 Rf3+ 42. Kg5 Rxb3 43. Rd6 Rb4 44. Rxd5 Rxa4 45. Kf5 Rc4 46. Rd6 a4 47. d5 Rc5 48. Ke4 Rc4+ 49. Kd3 Rc5 50. Kd4 Rb5 51.
Rh6 a3 52. Rh7+ Kf8 53. Ra7 Rb4+ 54. Kc3 Rb5 55. Kc4 Rc5+ 56. Kd4 1-0

[Event "Early-Titled-Tuesday-Blitz-July-09-2024"]
[Site "Chess.com"]
[Date "2024.07.09"]
[Round "6"]
[White "RedFirePanda"]
[Black "orackbbama"]
[Result "0-1"]
[WhiteElo "2450"]
[BlackElo "2308"]
[TimeControl "180+1"]
[EndTime "9:09:35 PDT"]
[Termination "orackbbama won by checkmate"]

1. d4 Nf6 2. Bf4 Nh5 3. Be3 g6 4. c3 d6 5. Nf3 Bg7 6. Nbd2 O-O 7. Bg5 c5 8. e3 h6 9. Bh4 g5 10. Bg3 Nxg3 11. hxg3 Nc6 12. Bd3 e5 13. dxc5 dxc5 14.
Bc2 Be6 15. Ne4 Qe7 16. Qe2 f5 17. Ned2 e4 18. Nh2 Ne5 19. O-O Rad8 20. Rfd1 c4 21. b3 Qc7 22. bxc4 Nxc4 23. Bb3 b5 24. a4 a6 25.
axb5 axb5 26. Ra6 Bf7 27. Nxc4 bxc4 28. Ba4 Rd3 29. Rb1 Rb8 30. Rc1 Qb7 31. Ra5 Ra8 32. Rb5 Qc8 33. Rb4 Bf8 34. Bc2 Bxb4 35. Bxd3 cxd3 36.
Qb2 Bf8 37. f3 Rb8 38. Qd2 Bc5 39. fxe4 Qe6 40. Re1 Qxe4 41. Nf1 Ra8 42. Qf2 Ra2 43.
Nd2 Qe5 44. Nf3 Qxc3 45. Qf1 d2 46. Rd1 Bc4 47. Kh1 Bxf1 48. Rxf1 d1=Q 49. Rxd1 Ra1 50. Rxa1 Qxa1+ 51. Kh2 Bxe3 52. Ne5 g4 53. Ng6 Qg1# 0-1

[Event "Early-Titled-Tuesday-Blitz-July-09-2024"]
[Site "Chess.com"]
[Date "2024.07.09"]
[Round "6"]
[White "annasargsyan_m"]
[Black "Sam_ChessMood"]
[Result "0-1"]
[WhiteElo "2660"]
[BlackElo "2933"]
[TimeControl "180+1"]
[EndTime "9:09:37 PDT"]
[Termination "Sam_ChessMood won on time"]

1. e4 c5 2. Nf3 d6 3. Bb5+ Nd7 4. O-O a6 5. Bd3 Ngf6 6. c3 b5 7. Bc2 c4 8. Re1 e6 9. b3 Bb7 10. bxc4 bxc4 11. Na3 Qc7 12. Rb1 d5 13. e5 Ne4 14.
Nxc4 Nxf2 15. Kxf2 dxc4 16. d4 cxd3 17. Qxd3 Nc5 18.
Qd4 Rd8 19. Qg4 Nd3+ 20. Bxd3 Rxd3 21. Qa4+ Rd7 22. Rd1 Bc5+ 23. Kg3 Bc6 24. Rxd7 Bxd7 25. Qg4 Kf8 26. Qe4 Bc6 27. Qe2 h6 28. Be3 Bxe3 29.
Qxe3 Bxf3 30. gxf3 g6 31. Qe4 Kg7 32. Rb7 Qxc3 33.
Qf4 Rf8 34. Qf6+ Kg8 35. Qf4 Qe1+ 36. Kg2 Qe2+ 37. Kg3 h5 38. a4 Qf1 39. Rb4 Qg1+ 40.
Kh3 Kg7 41. Qf6+ Kg8 42. Rb7 Qf1+ 43. Kg3 Qg1+ 44. Kh3 Qf2 45. Qf4 Qf1+ 46. Kg3 Qg1+ 47. Kh3 a5 48. Qf6 Qf1+ 49. Kg3 Qg1+ 50. Kh3 Qf2 51. Qf4 Qc2 52. Rb5 Qd1 53. Rxa5 Qg1 0-1

[Event "Early-Titled-Tuesday-Blitz-July-09-2024"]
[Site "Chess.com"]
[Date "2024.07.09"]
[Round "6"]
[White "Antek_Radzimski"]
[Black "mwpchess"]
[Result "0-1"]
[WhiteElo "2571"]
[BlackElo "2758"]
[TimeControl "180+1"]
[EndTime "9:09:39 PDT"]
[Termination "mwpchess won by resignation"]

1. e4 c5 2. Nf3 d6 3. d4 cxd4 4. Nxd4 Nf6 5. Nc3 Nc6 6. Bg5 e6 7. Qd3 Be7 8. O-O-O a6 9. f4 Bd7 10. Be2 Qc7 11. Kb1 h6 12. Bh4 Rc8 13. g4 g5 14. fxg5 Ne5 15. Qg3 hxg5 16. Bxg5 Rg8 17. Bxf6 Bxf6 18. Rhf1 Bh8 19. h3 b5 20. a3 Nc4 21. Bxc4 bxc4 22. Qf2 Rf8 23. g5 Rb8 24. g6 Qb6 25. gxf7+ Kd8 26. Na4 Bxa4 27. Nxe6+ Ke7 28. Qxb6 Rxb6 29. Nd4 Rxf7 30. Rxf7+ Kxf7 31. Rf1+ Ke8 32. c3 Rb7 33. Nf5 Be5 34. Kc1 Bc6 35. Re1 Rh7 36. h4 Bd7 37. Ne3 Be6 38. Rh1 Bf4 39. Kd2 Rh5 40. Ke2 Bg5 41. Rg1 Bxh4 42. Rh1 Rh8 43. Ng2 Bf6 44. Rxh8+ Bxh8 45. Nf4 Bf7 46. Nd5 Bxd5 47.
exd5 Ke7 48. Ke3 Be5 49. Ke4 a5 50. Kf5 Kf7 51. Kg5 Ke7 52. Kg6 Bf4 53. Kf5 Bc1 54.
Ke4 Bxb2 55. Kd4 Bxa3 56. Kxc4 Bc5 57. Kb5 Kf6 58. Kxa5 Ke5 59. c4 Kd4 60. Kb5 Kc3 0-1

[Event "Early-Titled-Tuesday-Blitz-July-09-2024"]
[Site "Chess.com"]
[Date "2024.07.09"]
[Round "6"]
[White "rezamahdavi2008"]
[Black "Arteler"]
[Result "1/2-1/2"]
[WhiteElo "2926"]
[BlackElo "2303"]
[TimeControl "180+1"]
[EndTime "9:09:39 PDT"]
[Termination "Game drawn by stalemate"]

1. e4 e6 2. d4 d5 3. Nc3 Bb4 4. exd5 exd5 5. Bd3 c6 6. Qf3 Qf6 7. Bf4 Bd6 8. Nge2 Ne7 9. O-O-O O-O 10. h4 Bxf4+ 11.
Nxf4 Ng6 12. Nce2 Be6 13. g4 Nxf4 14. Nxf4 Nd7 15. g5 Qd8 16. Rde1 Re8 17. Rhg1 Nf8 18. h5 Qd7 19. g6 fxg6 20. hxg6 h6 21. Re5 Qd6 22.
Nxe6 Rxe6 23. Qf7+ Kh8 24. Rh1 Rxg6 25. Bxg6 Qxg6 26. Qxb7 Rd8 27. Qe7 Rc8 28. b3 Nh7 29. Qd7 Rf8 30. Re6 Qg5+ 31. Kb2 Rxf2 32. Re8+ Nf8 33.
Qxc6 Kh7 34. Re5 Qg2 35. Rc1 Ng6 36. Rxd5 Nf4 37. Rc5 Nd3+ 38. Kb1 Nxc5 39. Qxg2 Rxg2 40. dxc5 Rg6 41. b4 h5 42. b5 Rg5 43. c4 Rxc5 44. Kb2 h4 45. Kb3 g5 46. Kb4 Rc8 47. c5 g4 48. Rc4 Kg6 49. Rxg4+ Kh5 50. Rg7 h3 51. Rh7+ Kg4 52. Rxa7 Rh8 53. Rg7+ Kf5 54. Rg1 h2 55. Rh1 Ke4 56. c6 Kd5 57. Ka5 Kc5 58. Rc1+ Kd6 59. Kb6 h1=Q 60. Rxh1 Rxh1 61. a4 Rh8 62. Kb7 Rh7+ 63.
Kb6 Rh8 64. a5 Rb8+ 65. Ka6 Kc7 66. b6+ Kxc6 67. Ka7 Rb7+ 68. Ka6 Rb8 69. Ka7 Rb7+ 70. Ka6 Rf7 71. b7 Rxb7 1/2-1/2

[Event "Early-Titled-Tuesday-Blitz-July-09-2024"]
[Site "Chess.com"]
[Date "2024.07.09"]
[Round "6"]
[White "suspiciumchess"]
[Black "sathvikadiga"]
[Result "1-0"]
[WhiteElo "2452"]
[BlackElo "2658"]
[TimeControl "180+1"]
[EndTime "9:09:39 PDT"]
[Termination "suspiciumchess won on time"]

1. c4 e5 2. a3 Nf6 3. Nc3 Nc6 4. e3 d5 5. cxd5 Nxd5 6. Qc2 Be6 7. Nf3 Be7 8. Bb5 f6 9. O-O O-O 10. b4 a6 11. Bc4 Kh8 12. Nxd5 Bxd5 13. Bd3 g6 14. Bb2 Qd7 15. Be4 Rad8 16. Rac1 Kg8 17. Rfd1 Bxe4 18. Qxe4 Qd3 19. Qxd3 Rxd3 20. Rc3 Rfd8 21. e4 Kf7 22. Kf1 Ke6 23. Ke2 R3d7 24. Rc4 f5 25. Rdc1 f4 26. Rd1 g5 27. d4 exd4 28. Nxd4+ Kf7 29. Nxc6 Rxd1 30. Nxd8+ Rxd8 31. Rxc7 b5 32. Ra7 g4 33. Rxa6 Bg5 34. Ra7+ Ke6 35. f3 Rc8 36. Kd3 Rd8+ 37. Bd4 h5 38. Ra6+ Kf7 39.
Rb6 Bh4 40. Rxb5 Be1 41. Rd5 Ra8 42. Bb2 h4 43. fxg4 Ke6 44. Rf5 Rd8+ 45. Rd5 Ra8 46. b5 Ra4 47. Re5+ Kd6 48. Rf5 1-0

[Event "Early-Titled-Tuesday-Blitz-July-09-2024"]
[Site "Chess.com"]
[Date "2024.07.09"]
[Round "6"]
[White "ljuks68"]
[Black "whitemirrorninja"]
[Result "0-1"]
[WhiteElo "2401"]
[BlackElo "2532"]
[TimeControl "180+1"]
[EndTime "9:09:39 PDT"]
[Termination "whitemirrorninja won on time"]

1. e4 c5 2. Nf3 d6 3. d4 cxd4 4.
Nxd4 Nf6 5. Nc3 e5 6. Bb5+ Bd7 7.
Bxd7+ Qxd7 8. Nde2 Qc6 9. f3 Nbd7 10. Be3 Be7 11. O-O O-O 12. Qd2 Nb6 13. b3 Rac8 14. Bg5 Rfd8 15. Bxf6 Bxf6 16. Rad1 h6 17. Qd3 Rd7 18. a4 Bd8 19. a5 Na8 20. b4 Qc4 21. Qxc4 Rxc4 22. Rd3 Rxb4 23. Rfd1 Bxa5 24. Rxd6 Rxd6 25.
Rxd6 Rc4 26. Nd5 Rxc2 27. Ng3 g6 28. h4 h5 29. Rd7 Nc7 30. Nf6+ Kf8 31. Nh7+ Ke8 32.
Nf6+ Kf8 33. Nh7+ Kg8 34. Ng5 Ne6 35. Nxe6 fxe6 36. Rxb7 Rc7 37. Rb5 Bb6+ 38. Kh2 Rc5 39. Rb1 Kf7 40. Ne2 Rc2 41. Ng1 Ke7 42. Nh3 Kd6 43.
Ng5 Bd4 44. Rb8 Rc7 45. Rd8+ Rd7 46. Rg8 a5 47. Rxg6 a4 48. Rxe6+ Kc5 49. Ra6 Kb5 50. Ra8 Ba7 0-1

[Event "Early-Titled-Tuesday-Blitz-July-09-2024"]
[Site "Chess.com"]
[Date "2024.07.09"]
[Round "6"]
[White "Dr_Pepper18"]
[Black "amanjazu"]
[Result "0-1"]
[WhiteElo "2437"]
[BlackElo "2578"]
[TimeControl "180+1"]
[EndTime "9:09:39 PDT"]
[Termination "amanjazu won on time"]

1. d4 Nf6 2. c4 c5 3. d5 b5 4. cxb5 a6 5. bxa6 Bxa6 6. Nc3 d6 7. e4 Bxf1 8. Kxf1 g6 9. g3 Bg7 10. Kg2 O-O 11. Nf3 Na6 12. a4 Qa5 13. Bd2 Qb4 14. Qe2 Qb7 15. Nb5 Rfb8 16. Bc3 Nc7 17. Nxc7 Qxc7 18. Rhb1 Nd7 19. Bxg7 Kxg7 20. Nd2 Rb4 21.
b3 Rab8 22. Qd3 Kg8 23. Qc3 Nf6 24. f3 h5 25. Ra3 h4 26. a5 Qa7 27. a6 Nd7 28.
Rba1 Ne5 29. f4 Nd7 30. Nc4 Nf6 31. Qd3 Ra8 32. Ra4 Qb8 33. a7 Qb5 34. Rxb4 cxb4 35. e5 dxe5 36. fxe5 Qxd5+ 37. Qxd5 Nxd5 38. Ra5 e6 39. gxh4 Kf8 40. Kg3 Ke7 41. Kg4 Kd8 42. Nd6 Ke7 43.
Kg5 f6+ 44. Kg4 fxe5 45. Nb5 Kd7 46. Ra6 Nc7 47. Ra5 Nxb5 48. Rxb5 Rxa7 49. Rxb4 Ke7 50. Kg5 Ra2 51. Rb7+ Kd6 52. Kxg6 Rg2+ 0-1

[Event "Early-Titled-Tuesday-Blitz-July-09-2024"]
[Site "Chess.com"]
[Date "2024.07.09"]
[Round "6"]
[White "esrosenberg"]
[Black "chessmachine14"]
[Result "1-0"]
[WhiteElo "2316"]
[BlackElo "2225"]
[TimeControl "180+1"]
[EndTime "9:09:40 PDT"]
[Termination "esrosenberg won on time"]

1. e4 c5 2. Nc3 d6 3. f4 g6 4. Nf3 Bg7 5. Bb5+ Bd7 6. a4 Nc6 7. d3 Nd4 8. O-O a6 9. Bxd7+ Qxd7 10. Nd5 Rd8 11. a5 e6 12. Nb6 Qb5 13. Nxd4 Bxd4+ 14. Kh1 Ne7 15. f5 e5 16. c3 gxf5 17. cxd4 cxd4 18.
Bg5 f4 19. Bxe7 Kxe7 20. Ra3 Rdg8 21. Nd5+ Kd8 22. Rb3 Qd7 23. Nf6 Qe6 24. Nxg8 Rxg8 25. Rxb7 Rg5 26. Qc2 Ke8 27. Rb8+ Ke7 28. Qc7+ Kf6 29.
Qd8+ Kg6 30. h3 Rg3 31. Kh2 Kh5 32. Qh8 Qg6 33. Rf2 f3 34. gxf3 Rg1 35. Qxh7+ Qxh7 36. Kxg1 Qh6 37. Rg2 Kh4 38. Rbg8 Qc1+ 39. Kh2 Qf4+ 40. R2g3 Qd2+ 41. Rg2 Qf4+ 42. Kh1 Qc1+ 43. Rg1 Qh6 44. R8g4+ Kh5 45. h4 Qe3 46. R1g3 Qe1+ 47. Kh2 Qd2+ 48. Kh3 Kh6 49. Rg8 Kh7 50. R3g7+ Kh6 51. Rg2 Qxg2+ 52.
Rxg2 Kh7 53. Rg5 f6 54. Rf5 Kg6 55. Kg4 Kf7 56. h5 1-0

[Event "Early-Titled-Tuesday-Blitz-July-09-2024"]
[Site "Chess.com"]
[Date "2024.07.09"]
[Round "6"]
[White "Sadykov_Ramil"]
[Black "K_A_S_T_O_R"]
[Result "0-1"]
[WhiteElo "2618"]
[BlackElo "2854"]
[TimeControl "180+1"]
[EndTime "9:09:41 PDT"]
[Termination "K_A_S_T_O_R won by resignation"]

1. e4 c5 2. Nf3 d6 3. Bb5+ Nd7 4. O-O a6 5. Bd3 Ngf6 6. c3 e6 7. Bc2 b5 8. d4 Bb7 9. Re1 Be7 10. Nbd2 Qc7 11. a4 O-O 12. Nf1 cxd4 13. cxd4 Rfc8 14. Bd3 bxa4 15. Rxa4 a5 16. h3 d5 17. e5 Ne4 18.
Ng3 Nb6 19. Ra1 Nxg3 20. fxg3 a4 21. Bg5 Nc4 22. Qb1 h6 23. Bxe7 Qxe7 24. Re2 Qb4 25. g4 Qe7 26. Kh1 Bc6 27. Rf2 Rab8 28. Qf1 Nxb2 29.
Bb1 Bb5 30. Qe1 Nd3 31. Bxd3 Bxd3 32. Qe3 Bc2 33. g5 h5 34. g6 Bxg6 35. Rxa4 Rc2 36. Kh2 Rxf2 37. Qxf2 Be4 38. Ra2 Rc8 39. h4 Bxf3 40.
gxf3 g6 41. Kg3 Rc4 42. Qd2 Kg7 43. Ra3 Qd8 44. Rd3 Qc7 45. Qf4 Qe7 46. Rd2 Rc3 47. Rd1 Rc8 48. Rd2 Kh7 49. Kh3 Rg8 50. Rg2 Kg7 51. Rc2 Rb8 52. Rd2 Rb1 53. Kg2 Rb4 54. Kg3 Kg8 55. Kh3 Qc7 56. Kg2 Rb3 57. Kg3 Qc3 58. Qf6 Qxd2 59. Qd8+ Kh7 60. Qf6 Qe1+ 61. Kh3 Qh1+ 62. Kg3 Rxf3+ 63. Qxf3 Qxf3+ 64. Kxf3 Kh6 65. Kf4 g5+ 66. hxg5+ Kg6 67. Kf3 Kxg5 68. Kg3 Kf5 69. Kf3 h4 0-1

[Event "Early-Titled-Tuesday-Blitz-July-09-2024"]
[Site "Chess.com"]
[Date "2024.07.09"]
[Round "6"]
[White "Jakhongir-Vakhidov"]
[Black "David_Arutinian"]
[Result "1-0"]
[WhiteElo "3023"]
[BlackElo "2828"]
[TimeControl "180+1"]
[EndTime "9:09:43 PDT"]
[Termination "Jakhongir-Vakhidov won by resignation"]

1. c4 e5 2. Nc3 Nf6 3. Nf3 Nc6 4. e4 d6 5. d4 Bg4 6. d5 Nd4 7. Be2 Nxe2 8. Qxe2 g6 9. h3 Bd7 10. O-O Bg7 11.
c5 O-O 12. Be3 Nh5 13. Qc4 Kh8 14.
Qb4 a5 15. Qxb7 f5 16. Bg5 Qb8 17. Qxb8 Rfxb8 18. c6 Bc8 19. b3 h6 20. Bd2 Nf6 21. Be3 fxe4 22. Nd2 Ba6 23. Nc4 a4 24. Rfb1 Kg8 25.
Rc1 Kf7 26. Nd2 Bd3 27. bxa4 Rb2 28. Nb3 Bc4 29. Nd1 Rxb3 30. axb3 Bxb3 31. Nc3 Nxd5 32. Nxd5 Bxd5 33. a5 Ra6 34. Bb6 cxb6 35. c7 Be6 36.
axb6 Rxb6 37. c8=Q Bxc8 38. Rxc8 Rb7 39. Rd8 Bf8 40. Rd1 Be7 41. Ra8 Rd7 42. Ra4 d5 43.
Rxe4 Bf6 44. Re2 d4 45. Rd3 g5 46. g4 Re7 47. Re4 Ra7 48. Kg2 Ra2 49. Kf3 Rb2 50. Re2 Rb7 51. Ke4 Ke6 52. Ra2 Rb1 53. Ra6+ Kf7 54. Rf3 Re1+ 55. Kd5 d3 56. Raxf6+ Ke7 57.
Rf8 1-0